 Dungeon Crawl Stone Soup version 0.21-a0 (webtiles) character file.

86 Lexie the Firebug (level 4, -5/27 HPs)
             Began as an Octopode Fire Elementalist on May 20, 2017.
             Killed from afar by an orc wizard (9 damage)
             ... with a magic dart
             ... on level 3 of the Dungeon.
             The game lasted 00:03:32 (2750 turns).

Lexie the Firebug (Octopode Fire Elementalist)      Turns: 2750, Time: 00:03:32

Health: -5/27      AC:  1    Str:  7    XL:     4   Next: 49%
Magic:  7/8        EV: 13    Int: 18    God:
Gold:   133        SH:  0    Dex: 12    Spells: 7/8 levels left

rFire    . . .     SeeInvis .   e - +0 dagger
rCold    . . .     Gourm    .   (no shield)
rNeg     . . .     Faith    .   (helmet restricted)
rPois    .         Spirit   .   (no amulet)
rElec    .         Reflect  .   (no ring)
rCorr    .         Harm     .   (no ring)
MR       .....                  (no ring)
Stlth    +++.......             (no ring)
Regen    0.1/turn               (no ring)
MPRegen  0.2/turn               (no ring)
                                (no ring)
                                (no ring)

@: no status effects
A: almost no armour, stealthy swim, amphibious, 8 rings, constrict 8, camouflage
1, gelatinous body 1
a: no special abilities


You were on level 3 of the Dungeon.
You were not hungry.

You visited 1 branch of the dungeon, and saw 3 of its levels.

You collected 133 gold pieces.

Inventory:

Hand Weapons
 e - a +0 dagger (weapon)
Missiles
 c - a throwing net (quivered)
 k - 5 curare-tipped needles
Scrolls
 d - 6 scrolls of identify {unknown}
 g - a scroll of remove curse {unknown}
 h - a scroll of enchant weapon {unknown}
 m - a scroll of immolation {unknown}
 o - a scroll of random uselessness {unknown}
 q - a scroll of noise {unknown}
Potions
 f - a potion of curing
 i - a potion of ambrosia {unknown}
 l - a potion of lignification {unknown}
 n - a potion of invisibility {unknown}
 p - a potion of cancellation {unknown}
Books
 a - a book of Flames

   Spells                             Type                      Level
   a - Flame Tongue                   Conjuration/Fire             1
   b - Throw Flame                    Conjuration/Fire             2
   c - Conjure Flame                  Conjuration/Fire             3
   d - Inner Flame                    Hexes/Fire                   3
   e - Sticky Flame                   Conjuration/Fire             4
   f - Fireball                       Conjuration/Fire             5
Comestibles
 b - 2 bread rations
 j - 2 royal jellies


   Skills:
 - Level 2.0 Dodging
 - Level 2.6 Stealth
 + Level 2.9 Spellcasting
 + Level 2.3 Conjurations
 + Level 3.9 Fire Magic


You had 7 spell levels left.
You knew the following spells:

 Your Spells              Type           Power        Failure   Level  Hunger
a - Flame Tongue          Conj/Fire      ##...        4%          1    None


Dungeon Overview and Level Annotations

Branches:
Dungeon (3/15)

Altars:
Gozag
Hepliaklqana
Okawaru
Sif Muna
Trog
Zin


Innate Abilities, Weirdness & Mutations

You cannot wear most types of armour.
You are very stealthy in the water. (Stealth+)
You are amphibious.
You can wear up to eight rings at the same time.
You can use your tentacles to constrict eight enemies at once.
Your skin changes colour to match your surroundings (Stealth+).
Your rubbery body absorbs attacks. (AC +1, EV +1)


Message History

The orc wizard completely misses you.
The orc wizard mumbles some strange words.
The orc wizard blinks!
The orc wizard mumbles some strange words.
The orc wizard blinks!
The orc wizard points at you and mumbles some strange words.
The magic dart hits you!
The orc wizard mumbles some strange words.
The orc wizard blinks!
The orc wizard hits you with a dagger.
The orc wizard hits you but does no damage.
The orc wizard hits you with a dagger. The orc wizard casts a spell at you.
The magic dart hits you!
* * * LOW HITPOINT WARNING * * *
The orc wizard completely misses you.
The orc wizard mumbles some strange words.
The orc wizard blinks!
The orc wizard casts a spell at you. The magic dart hits you!
You die...

#.............##......
#.
#.......o#.#.....###..
#.
#........#............
#.
#........+.#...(.#####
#. #........# #......#
#. #.......o###..##.##
#. ##......ยง........#
#. #........o...######
##.
#..........o@'....#
#<.
#............####.#
#.# #..........o.# #.#
#####.# #..[.........#
#.#####.....#
#............#
#............
#............#
#......###...
#............#
#.#.#.##....#
#............#
#.#.#........
#............#
#...#.##.##.#


You could see 2 orc wizards and 2 orcs.

Vanquished Creatures
  A gnoll (D:1)
  3 adders
  An ooze (D:1)
  2 adder zombies (D:1)
  A leopard gecko (D:1)
  5 giant cockroaches
  5 goblins
  6 hobgoblins
  A quokka (D:2)
  2 bats
  A frilled lizard (D:2)
  4 kobolds
  5 rats
37 creatures vanquished.

Notes
Turn   | Place    | Note
-------+----------+-------------------------------------------
     0 | D:1      | Lexie the Octopode Fire Elementalist began the quest for the Orb.
     0 | D:1      | Reached XP level 1. HP: 11/11 MP: 3/3
   139 | D:1      | Reached XP level 2. HP: 17/17 MP: 1/5
   762 | D:1      | Reached XP level 3. HP: 21/21 MP: 4/6
  1535 | D:2      | Found a glowing silver altar of Zin.
  1536 | D:2      | Found an opulent altar of Gozag.
  1631 | D:2      | Found a bloodstained altar of Trog.
  2043 | D:2      | Found a deep blue altar of Sif Muna.
  2044 | D:2      | Found a hazy altar of Hepliaklqana.
  2045 | D:2      | Found an iron altar of Okawaru.
  2095 | D:2      | Reached XP level 4. HP: 4/27 MP: 2/8
  2750 | D:3      | Killed from afar by an orc wizard

Vault maps used:
D:1:      saegor_arrival_fortress
D:2:      bloody_trog, nicolae_overflow_hidden_temple
D:3:      lemuel_statue_altar

Skill      XL: |  1  2  3 |
---------------+----------+-----
Conjurations   | 2 |  2.3
Dodging        | |  2.0
Stealth        | |  2.6
Spellcasting   | |  2.9
Fire Magic     | |  3.9

Action                   |  1- 3 |  4- 6 || total
-------------------------+-------+-------++-------
Melee: Unarmed           |     8 |       ||     8
       Constrict         |     5 |       ||     5
       Dagger            |    12 |       ||    12
       Tentacles         |     3 |       ||     3
 Cast: Flame Tongue      |    56 |    12 ||    68
  Use: Potion            |       |     1 ||     1
 Stab: Sleeping          |     5 |       ||     5
  Eat: Chunk             |     4 |     2 ||     6
Armor: Skin              |     2 |       ||     2
Dodge: Dodged            |    26 |     7 ||    33
